AoeStats
← Baboon.exe

Arabia

510960682Analyzed
1v1 RM · 10h ago on Oct 3, 2026· 49m 6s· 2 players
Game mode
Random Map
Map size
Tiny (2 player)
Population
200
Speed
Normal
Resources
Standard
Victory
Conquest
Starting age
Dark Age
Ending age
Imperial Age
RankedLock teamsTeams togetherTeam positionsShared explorationLock speedFull tech treeHidden civsTurbo modeCheats
Victory
Defeat
🇺🇸 Lithuanians · United States
729
+14
🇬🇷 Franks · Greece
689
-21
Baboon.exe
9:07 Loom
9:16 Loom
11:51 Feudal Age
21:33 Castle Age
20:00 Forging
19:55 Scale Barding Armor
20:29 Double-Bit Axe
21:26 Scale Mail Armor
30:58 Imperial Age
29:46 Gold Mining
29:46 Stone Mining
30:10 Bow Saw
29:25 Pikeman
42:31 Iron Casting
42:13 Chain Mail Armor
42:03 Scale Barding Armor
44:13 Cavalier
Foster
3:06 Loom
10:37 Feudal Age
17:26 Castle Age
17:25 Bloodlines
28:32 Bloodlines
28:26 Horse Collar
28:33 Double-Bit Axe
33:14 Light Cavalry
35:00 Wheelbarrow
34:57 Heavy Plow
36:37 Forging
40:22 Husbandry
41:12 Bow Saw
44:11 Imperial Age
43:52 Thumb Ring
44:37 Iron Casting
46:15 Scale Barding Armor
47:41 Crop Rotation
47:58 Chain Barding Armor
47:56 Cavalier
Connection lost

Rejoining the realm…

Still unreachable

The connection could not be restored.

Session expired

The server has moved on; the page needs a fresh start.